 Dungeon Crawl Stone Soup version 0.26.1-10-gdfb7c7de75 (webtiles) character file.

Game seed: 14903413781910514373

86 Almogavar the Vandal (level 4, -1/30 HPs)
             Began as a Halfling Hunter on Apr 9, 2021.
             Slain by Crazy Yiuf
             ... wielding a +4 quarterstaff of chaos
              (15 damage)
             ... on level 2 of the Dungeon.
             The game lasted 00:03:49 (1844 turns).

Almogavar the Vandal (Halfling Hunter)              Turns: 1844, Time: 00:03:49

Health: -1/30      AC: 10    Str: 13    XL:     4   Next: 77%
Magic:  4/4        EV: 14    Int:  9    God:
Gold:   115        SH:  0    Dex: 15    Spells: 3/3 levels left

rFire    . . .     SeeInvis .   n - +0 dagger (protect)
rCold    . . .     Faith    .   (shield restricted)
rNeg     . . .     Spirit   .   c - +0 leather armour
rPois    .         Reflect  .   (no helmet)
rElec    .         Harm     .   (no cloak)
rCorr    .         Rampage  .   (no gloves)
Will     .....                  (no boots)
Stlth    ++........             (no amulet)
HPRegen  0.10/turn              (no ring)
MPRegen  0.09/turn              (no ring)

@: protection aura, hasted and slowed
A: small, mutation resistance 1
a: no special abilities


You were on level 2 of the Dungeon.
You visited 1 branch of the dungeon, and saw 2 of its levels.

You collected 115 gold pieces.

Inventory:

Hand Weapons
 a - a +1 hunting sling
 b - a +0 short sword
 n - a +0 dagger of protection (weapon)
Missiles
 d - 57 sling bullets
 e - 23 stones (quivered)
Armour
 c - a +0 leather armour (worn)
Scrolls
 f - 2 scrolls of identify {unknown}
 h - a scroll of fog {unknown}
 j - a scroll of enchant armour {unknown}
 l - a scroll of magic mapping {unknown}
 m - a scroll of random uselessness {unknown}
Potions
 i - a potion of attraction {unknown}
 k - a potion of resistance {unknown}


   Skills:
 + Level 2.5 Fighting
 + Level 0.4 Short Blades
 + Level 7.5 Slings
 + Level 0.7 Armour
 + Level 2.3 Dodging
 + Level 1.2 Stealth


You had 3 spell levels left.
You didn't know any spells.
Your spell library was empty.

Dungeon Overview and Level Annotations

Branches:
Dungeon (2/15)

Altars:

Annotations:
D:2 Crazy Yiuf


Innate Abilities, Weirdness & Mutations

You are small and have problems with some larger weapons.
You are somewhat resistant to further mutation.


Message History

You feel sick.
You closely miss Crazy Yiuf.
Crazy Yiuf is lightly wounded.
Crazy Yiuf hits you with a +4 quarterstaff of chaos!
* * * LOW HITPOINT WARNING * * *
Crazy Yiuf freezes you.
* * * LOW HITPOINT WARNING * * *
You hit Crazy Yiuf but do no damage.
Crazy Yiuf is lightly wounded.
Crazy Yiuf laughs, "Rot canine infinity!"
Crazy Yiuf hits you but does no damage.
It was a potion of curing.
You feel better. Crazy Yiuf barely misses you.
You hit Crazy Yiuf but do no damage.
Crazy Yiuf is lightly wounded.
Crazy Yiuf barely misses you.
You hit Crazy Yiuf.
Crazy Yiuf is lightly wounded.
Crazy Yiuf hits you with a +4 quarterstaff of chaos!
Ouch! That really hurt!
You die...

.###.##
#....### ##
##.## ##..##
# ##.#####
♣....♣
#.....#
♣...♣♣ #
##.#####
♣♣.♣♣ ##
##.## ♣.♣♣
.###.## ♣♣.♣
#....## ♣.♣♣
##.#..#####
♣♣@♣
#.##.....##
#g#
#.##..8...#
...
##.##.8_8.##
#...#
...#...8..#
#..)#
####......#
#####
#..#####
##.# #####
#.# #...#


You could see Crazy Yiuf.

Vanquished Creatures
  A worker ant (D:2)
  An adder (D:2)
  A dart slug (D:1)
  A leopard gecko (D:2)
  A giant cockroach (D:1)
  10 hobgoblins
  6 jackals (D:1)
  A quokka (D:2)
  4 bats (D:1)
  4 frilled lizards
  6 goblins
  6 kobolds
  3 rats
45 creatures vanquished.

Notes
Turn   | Place    | Note
-------+----------+-------------------------------------------
     0 | D:1      | Almogavar the Halfling Hunter began the quest for the Orb.
     0 | D:1      | Reached XP level 1. HP: 14/14 MP: 1/1
    32 | D:1      | Reached skill level 6 in Slings
   172 | D:1      | Reached XP level 2. HP: 19/19 MP: 2/2
   506 | D:1      | Reached XP level 3. HP: 22/24 MP: 3/3
  1072 | D:2      | Reached skill level 7 in Slings
  1072 | D:2      | Reached XP level 4. HP: 30/30 MP: 4/4
  1131 | D:2      | Found a faded altar of an unknown god.
  1197 | D:2      | Found a runed translucent door.
  1198 | D:2      | Noticed Crazy Yiuf
  1844 | D:2      | Slain by Crazy Yiuf

Illustrated notes

Levels and vault maps discovered:
D:1:      lemuel_arrival_funnel, layout_rooms, st_stairs_3,
          supply_closet_lemuel, minmay_misc_feat_nine_boxes
D:2:      layout_loops_ring, chequers_ecumenical_altar_simple,
          uniq_crazy_yiuf_cottage

Skill      XL: |  1  2  3 |
---------------+----------+-----
Slings         | 6 7 |  7.5
Fighting       | 2 |  2.5
Short Blades   | |  0.4
Armour         | |  0.7
Dodging        | |  2.3
Stealth        | |  1.2

Action                   |  1- 3 |  4- 6 || total
-------------------------+-------+-------++-------
Melee: Short sword       |    21 |    19 ||    40
       Dagger            |       |    10 ||    10
 Fire: Hunting sling     |    69 |    26 ||    95
  Use: Potion            |       |     1 ||     1
Armor: Leather armour    |    12 |     4 ||    16
Dodge: Dodged            |    29 |    20 ||    49
